 Dungeon Crawl Stone Soup version 0.22.1-6-g1668fe2 (webtiles) character file.

195 redwoodhats the Poker (level 5, -7/48 HPs)
             Began as a Minotaur Chaos Knight on Jan 28, 2019.
             Mangled by an ogre
             ... wielding a +0 giant club
              (28 damage)
             ... on level 4 of the Dungeon.
             The game lasted 00:09:50 (2605 turns).

redwoodhats the Poker (Minotaur Chaos Knight)       Turns: 2605, Time: 00:09:51

Health: -7/48      AC:  6    Str: 18    XL:     5   Next: 45%
Magic:  4/4        EV: 11    Int:  9    God:    Xom [..*...]
Gold:   236        SH:  0    Dex:  9    Spells: 4/4 levels left

rFire    . . .     SeeInvis .   a - +0 spear (chaos)
rCold    . . .     Gourm    .   (no shield)
rNeg     . . .     Faith    .   b - +2 leather armour
rPois    .         Spirit   .   (helmet restricted)
rElec    .         Reflect  .   (no cloak)
rCorr    .         Harm     .   (no gloves)
MR       .....                  o - +0 pair of boots
Stlth    +.........             (no amulet)
HPRegen  0.16/turn              (no ring)
MPRegen  0.09/turn              (no ring)

@: drained
A: retaliatory headbutt, horns 2
a: Renounce Religion


You were on level 4 of the Dungeon.
You worshipped Xom.
You were a toy of Xom.
You were not hungry.

You visited 1 branch of the dungeon, and saw 4 of its levels.

You collected 236 gold pieces.

Inventory:

Hand Weapons
 a - a +0 spear of chaos (weapon)
 e - a +0 short sword of speed
 f - a +0 giant club
 j - a cursed -3 short sword
Missiles
 i - 2 tomahawks of returning (quivered)
Armour
 b - a +2 leather armour (worn)
 o - a +0 pair of boots (worn)
Scrolls
 d - a scroll of teleportation
 k - 3 scrolls of identify
 m - a scroll of remove curse
Potions
 g - a potion of cancellation
 h - a potion of might
Comestibles
 c - 5 rations


   Skills:
 + Level 5.1(4.7) Fighting
 + Level 5.5(5.2) Polearms
 + Level 3.3(3.0) Armour
 + Level 2.0(1.7) Dodging
 + Level 0.6(0.3) Stealth


You had 4 spell levels left.
You didn't know any spells.
Your spell library was empty.

Dungeon Overview and Level Annotations

Branches:
Dungeon (4/15)
 Temple: D:4-7

Altars:
Gozag
Nemelex Xobeh
Zin

Annotations:
D:4 Natasha


Innate Abilities, Weirdness & Mutations

You reflexively headbutt those who attack you in melee.
You have a pair of horns on your head.


Message History

An ogre and Natasha come into view.
Natasha hisses angrily.
The ogre shouts!
Something shouts, "Fly, thou paunchy crook-pated flap-bat!"
You hear a shout!
Found 25 gold pieces.
There is a stone staircase leading up here.
Natasha mumbles some strange words.
A shadow imp comes into view.
Natasha claws you! The ogre hits you with a giant club!
The white imp gestures at you. The puff of frost hits you!
You miss Natasha. Your headbutt misses Natasha.
Natasha mewls in sadness.
Natasha casts a spell.
You hit Natasha.
Natasha is moderately wounded.
The ogre hits you with a giant club!!
Ouch! That really hurt!
You die...
Xom cackles wildly!

##########
##...##...####.
##..§......5.5..
#....§.......#
#..$..§O@h...#
#......§.5...#
##.........$##
##...##...##
##########


You could see an ogre, Natasha, a crimson imp, a white imp and a shadow imp.

Vanquished Creatures
  An ogre (D:2)
  4 adders
  An ooze (D:1)
  A worm (D:2)
  A leopard gecko (D:2)
  An orc (D:3)
  5 giant cockroaches
  8 hobgoblins
  4 jackals (D:2)
  13 kobolds
  2 quokkas (D:3)
  8 bats
  4 frilled lizards
  3 goblins
  6 rats
62 creatures vanquished.

Vanquished Creatures (others)
  A bat (D:1)
1 creature vanquished.

Grand Total: 63 creatures vanquished

Notes
Turn   | Place    | Note
-------+----------+-------------------------------------------
     0 | D:1      | redwoodhats the Minotaur Chaos Knight began the quest for
                  | the Orb.
     0 | D:1      | Reached XP level 1. HP: 19/19 MP: 0/0
    99 | D:1      | Reached XP level 2. HP: 24/27 MP: 1/1
   127 | D:1      | XOM: butterfly on damage
   171 | D:1      | XOM: silly message
   242 | D:1      | XOM: harmless Summ miscast
   690 | D:1      | Reached XP level 3. HP: 33/33 MP: 2/2
  1015 | D:2      | Noticed an ogre
  1026 | D:2      | Killed an ogre
  1026 | D:2      | Reached skill level 5 in Polearms
  1026 | D:2      | Reached XP level 4. HP: 19/41 MP: 3/3
  1232 | D:2      | Reached XP level 5. HP: 47/47 MP: 4/4
  1236 | D:2      | Found a glowing silver altar of Zin.
  1375 | D:2      | Reached skill level 5 in Fighting
  1635 | D:3      | XOM: stealth player
  1702 | D:3      | Found an opulent altar of Gozag.
  1764 | D:3      | Found a sparkling altar of Nemelex Xobeh.
  1865 | D:3      | XOM: harmless Erth miscast
  1916 | D:3      | XOM: cloud trail
  1918 | D:3      | XOM: harmless Air miscast
  2168 | D:3      | XOM: harmless Tloc miscast
  2520 | D:3      | XOM: harmless Hex miscast
  2588 | D:3      | XOM: cloud trail
  2599 | D:4      | Noticed Natasha
  2599 | D:4      | Noticed an ogre
  2605 | D:4      | Mangled by an ogre

Skill      XL: |  1  2  3  4  5 |
---------------+----------------+-----
Polearms       | 4 5 |  5.5
Fighting       | 4 5 |  5.1
Armour         | 3 |  3.3
Dodging        | 2 |  2.0
Stealth        | |  0.6

Action                   |  1- 3 |  4- 6 || total
-------------------------+-------+-------++-------
Melee: Spear             |    61 |    70 ||   131
       Headbutt          |    11 |    10 ||    21
       Short sword       |     4 |       ||     4
  Use: Scroll            |     2 |     2 ||     4
       Potion            |     1 |     3 ||     4
  Eat: Ration            |       |     2 ||     2
Armor: Leather armour    |    31 |    35 ||    66
Dodge: Dodged            |    40 |    72 ||   112
